 Dungeon Crawl Stone Soup version 0.21.1-1-g345015f (webtiles) character file.

2522 GrunderHorse the Covert (level 9, -9/61 HPs)
             Began as a Vampire Assassin on Feb 17, 2018.
             Was a Follower of Wu Jian.
             Killed from afar by a shadow imp (32 damage)
             ... with an exploding inner flame
             ... hexed by the player character
             ... on level 8 of the Dungeon.
             The game lasted 00:32:21 (12236 turns).

GrunderHorse the Covert (Vampire Assassin)         Turns: 12236, Time: 00:32:23

Health: -9/61      AC:  6    Str: 10    XL:     9   Next: 29%
Magic:  3/10       EV: 13    Int: 15    God:    Wu Jian [*.....]
Gold:   321        SH:  0    Dex: 20    Spells: 7/10 levels left

rFire    . . .     SeeInvis +   B - +2 dagger (flame)
rCold    + . .     Gourm    .   (no shield)
rNeg     + + .     Faith    +   c - +0 robe
rPois    +         Spirit   .   n - +2 helmet {Int+3}
rElec    +         Reflect  .   d - +0 cloak
rCorr    .         Harm     .   (no gloves)
MR       .....     Rnd*Tele +   (no boots)
Stlth    +++++++...             o - amulet of faith
HPRegen  0.10/turn              (no ring)
MPRegen  0.12/turn              (no ring)

@: very slightly contaminated, regenerating slowly
A: fangs 3, thin skeletal structure 1, see invisible, dopey 1, sense
surroundings 1, electricity resistance, teleportitis 1, unbreathing
a: Bat Form, Renounce Religion


You were on level 8 of the Dungeon.
You worshipped Wu Jian.
Wu Jian was aware of your devotion.
You were near bloodless.

You visited 2 branches of the dungeon, and saw 9 of its levels.

You collected 321 gold pieces.

Inventory:

Hand Weapons
 b - a +0 blowgun
 h - a +0 scythe of pain
 x - the +1 dagger of Qazlal's Approval {drain, rPois rC+}
   (You found it on level 4 of the Dungeon)

   A truly terrible weapon, it drains the life of those it strikes.
   It protects you from cold.
   It protects you from poison.
 B - a +2 dagger of flaming (weapon)
Missiles
 e - 20 poisoned needles
 f - 2 curare-tipped needles
 r - 11 tomahawks (quivered)
 y - 3 needles of sleeping
Armour
 c - a +0 robe (worn)
 d - a +0 cloak (worn)
 n - a +2 helmet of intelligence (worn)
 t - a +0 shield
Magical Staves
 D - an uncursed staff of energy {unknown}
Jewellery
 o - an amulet of faith (around neck)
Wands
 k - a wand of flame (71)
 v - a wand of iceblast (2)
 w - a wand of paralysis (12)
Scrolls
 a - a scroll of teleportation {unknown}
 g - 6 scrolls of identify
 j - 6 scrolls of remove curse
 m - a scroll of magic mapping
 A - a scroll of holy word {unknown}
 E - a scroll of fear {unknown}
Potions
 i - 4 potions of curing
 l - a potion of flight
 q - 5 potions of blood
 s - 2 potions of invisibility
 u - 2 potions of heal wounds
 C - a potion of haste
Books
 p - a book of Misfortune

   Spells                             Type                      Level
   a - Confusing Touch                Hexes                        1
   b - Confuse                        Hexes                        3
   c - Gell's Gravitas                Translocation                3
   d - Petrify                        Transmutation/Earth          4
   e - Metabolic Englaciation         Hexes/Ice                    5
   f - Yara's Violent Unravelling     Hexes/Transmutation          5


   Skills:
 - Level 1.7 Fighting
 - Level 10.0 Short Blades
 - Level 1.5 Throwing
 + Level 2.3 Dodging
 + Level 13.4 Stealth
 + Level 1.3 Spellcasting
 + Level 2.3 Hexes


You had 7 spell levels left.
You knew the following spells:

 Your Spells              Type           Power        Failure   Level  Hunger
a - Confuse               Hex            #.......     28%         3    ####...


Dungeon Overview and Level Annotations

Branches:
Dungeon (8/15)             Temple (1/1) D:4
   Lair: D:8-11

Altars:
Ashenzari
Cheibriados
Dithmenos
Elyvilon
Fedhas
Gozag
Hepliaklqana
Kikubaaqudgha
Nemelex Xobeh
Okawaru
Qazlal
Ru
Trog
Uskayaw
Vehumet
Wu Jian
Xom
Yredelemnul
Zin
The Shining One

Shops:
D:6 }   D:7 %

Annotations:
D:3 Robin
D:5 Menkaure
D:7 2 transporters, 2 runed doors, exclusion: orange crystal statue


Innate Abilities, Weirdness & Mutations

You heal slowly.
You have razor-sharp teeth.
You have supernaturally acute eyesight. (SInv)
You can survive without breathing.
You have a somewhat thin skeletal structure. (Dex +2, Stealth)
You are dopey. (Int -2)
You passively map a small area around you.
You are resistant to electric shocks. (rElec)
You are occasionally teleported next to monsters.


Message History

A two-headed ogre comes into view.
It is wielding a giant spiked club and a giant club.
The two-headed ogre shouts in stereo!
You hit the shadow imp. You burn the shadow imp.
You bite the shadow imp, but do no damage.
The shadow imp is moderately wounded.
The shadow imp misses you. The hound closely misses you.
You hit the shadow imp. You burn the shadow imp.
The shadow imp is heavily wounded.
As you read the scroll labeled CUSYIGR SONUYK, it crumbles to dust.
The creatures around you are filled with an inner flame!
It was a scroll of immolation.
The hound bites you but does no damage.
The shadow imp hits you but does no damage.
The hound barely misses you.
As you read the scroll labeled COOLED VATOJU, it crumbles to dust.
You speak a Word of immense power!
You are blasted by holy energy!
The shadow imp convulses!
The shadow imp explodes!
The fiery explosion engulfs you!
Ouch! That really hurt!
You die...

##### . .. #...#
*$###.
#...####...., ,
#......##.# *
#......S..#### * ,,
, #....#.......# .
., ###..###.h.#.#
.. *,.....#####HS.#
#÷#.#.#...
....O.§§@hh#.#
#F#.......
......#######.#
#.#....... ......
#h# #.<.......
#.>..
####.###..S.(...#
*... * **
................#
###.# *
,................#
#.<.#
*,...............##
#.###
.................
#.####### ,
...............##


You could see a two-headed ogre (inner flame), a hippogriff (inner flame), 2
hounds and an adder (inner flame).

Vanquished Creatures
  A hornet (D:7)
  Grinder (D:4)
  Prince Ribbit (D:6)
  Sigmund (D:3)
  Edmund (D:5)
  2 orc warriors
  An ice beast (D:6)
  2 sky beasts
  A centaur (D:5)
  A bullfrog (D:6)
  A water moccasin zombie (D:6)
  A scorpion (D:6)
  A howler monkey (D:4)
  5 crimson imps
  4 hounds
  A jelly (D:8)
  A bullfrog zombie (D:5)
  3 orc priests
  5 orc wizards
  Terence (D:2)
  2 worker ants (D:5)
  Ijyb (D:4)
  Natasha (thrice) (D:2)
  A worker ant zombie (D:5)
  A gnoll (D:6)
  4 adders
  A shadow imp (D:7)
  2 leopard geckos (D:1)
  15 orcs
  5 giant cockroaches
  2 goblins
  7 hobgoblins
  8 jackals
  5 quokkas
  A ball python (D:3)
  6 bats
  5 frilled lizards
  A jackal skeleton (D:7)
  6 kobolds
  A leopard gecko skeleton (D:8)
  A leopard gecko zombie (D:5)
  2 quokka skeletons
  2 rats
117 creatures vanquished.

Notes
Turn   | Place    | Note
-------+----------+-------------------------------------------
     0 | D:1      | GrunderHorse the Vampire Assassin began the quest for the Orb.
     0 | D:1      | Reached XP level 1. HP: 16/16 MP: 1/1
   559 | D:1      | Reached skill level 6 in Stealth
   628 | D:1      | Reached XP level 2. HP: 22/22 MP: 2/2
  1183 | D:2      | Noticed Natasha
  1192 | D:2      | Noticed a crimson imp
  1197 | D:2      | Killed Natasha
  1197 | D:2      | Reached XP level 3. HP: 13/27 MP: 3/3
  1748 | D:2      | Noticed Terence
  1765 | D:2      | Killed Terence
  1765 | D:2      | Reached XP level 4. HP: 33/33 MP: 4/4
  1927 | D:2      | Noticed Natasha
  1970 | D:2      | Killed Natasha
  1970 | D:2      | Reached skill level 7 in Stealth
  2469 | D:2      | Noticed Natasha
  2475 | D:2      | Killed Natasha
  2817 | D:3      | Noticed Robin
  2820 | D:3      | Reached XP level 5. HP: 26/38 MP: 5/5
  2825 | D:3      | Gained mutation: You passively map a small area around you. [potion of mutation]
  2825 | D:3      | Gained mutation: You are frail. (-10% HP) [potion of mutation]
  2825 | D:3      | Gained mutation: You are surrounded by a mild repulsion field. (EV +2) [potion of mutation]
  2825 | D:3      | Gained mutation: You are resistant to electric shocks. (rElec) [potion of mutation]
  3207 | D:3      | Found a blossoming altar of Fedhas.
  3290 | D:3      | Found a glowing silver altar of Zin.
  3591 | D:3      | Noticed Sigmund
  3631 | D:3      | Killed Sigmund
  3631 | D:3      | Reached skill level 8 in Stealth
  3631 | D:3      | Reached XP level 6. HP: 39/39 MP: 6/6
  3828 | D:3      | Found a hazy altar of Hepliaklqana.
  3918 | D:3      | Found a sacrificial altar of Ru.
  4159 | D:4      | Found a staircase to the Ecumenical Temple.
  4166 | Temple   | Entered the Ecumenical Temple
  4206 | Temple   | Became a worshipper of the Wu Jian Council
  4224 | D:4      | Noticed an orc warrior
  4287 | D:4      | Noticed a sky beast
  4288 | D:4      | Noticed Ijyb
  4290 | D:4      | Killed a sky beast
  4326 | D:4      | Killed Ijyb
  4424 | D:4      | Found a snail-covered altar of Cheibriados.
  4489 | D:4      | Learned a level 3 spell: Confuse
  4723 | D:4      | Found a stormy altar of Qazlal.
  4746 | D:4      | Noticed Grinder
  4752 | D:4      | Killed Grinder
  4752 | D:4      | Reached skill level 9 in Stealth
  4752 | D:4      | Reached XP level 7. HP: 44/44 MP: 7/7
  5800 | D:4      | HP: 1/44 [orc warrior (5)]
  6660 | D:4      | Got a slimy dagger
  6663 | D:4      | Identified the +1 dagger of Qazlal's Approval {drain, rPois rC+} (You found it on level 4 of the Dungeon)
  6926 | D:5      | Entered Level 5 of the Dungeon
  6942 | D:5      | Reached skill level 10 in Stealth
  6967 | D:5      | Reached XP level 8. HP: 27/49 MP: 8/8
  7357 | D:5      | Noticed Edmund
  7496 | D:5      | Found a sparkling altar of Nemelex Xobeh.
  7659 | D:5      | Found an iron altar of Okawaru.
  7675 | D:5      | Found a hide-covered altar of Uskayaw.
  7833 | D:6      | Noticed Menkaure
  8096 | D:6      | Found a shattered altar of Ashenzari.
  8222 | D:6      | Lost mutation: You are frail. (-10% HP) [potion of mutation]
  8222 | D:6      | Lost mutation: You are surrounded by a mild repulsion field. (EV +2) [potion of mutation]
  8222 | D:6      | Gained mutation: You are occasionally teleported next to monsters. [potion of mutation]
  8222 | D:6      | Gained mutation: You have a pair of small horns on your head. [potion of mutation]
  8222 | D:6      | Gained mutation: Your spells are a little harder to cast, but a little more powerful. [potion of mutation]
  8223 | D:6      | Lost mutation: You are occasionally teleported next to monsters. [potion of mutation]
  8223 | D:6      | Lost mutation: You have a pair of small horns on your head. [potion of mutation]
  8223 | D:6      | Lost mutation: Your spells are a little harder to cast, but a little more powerful. [potion of mutation]
  8223 | D:6      | Gained mutation: You are occasionally teleported next to monsters. [potion of mutation]
  8223 | D:6      | Gained mutation: You are dopey. (Int -2) [potion of mutation]
  8223 | D:6      | Gained mutation: You have a somewhat thin skeletal structure. (Dex +2, Stealth) [potion of mutation]
  8411 | D:6      | Reached skill level 11 in Stealth
  8479 | D:6      | Found Juatah's Gadget Emporium.
  8593 | D:6      | Reached skill level 10 in Short Blades
  9043 | D:5      | Killed Edmund
  9091 | D:6      | Reached skill level 12 in Stealth
  9786 | D:6      | Reached * piety under Wu Jian
 10015 | D:6      | Noticed Prince Ribbit
 10019 | D:6      | Killed Prince Ribbit
 10019 | D:6      | Reached skill level 13 in Stealth
 10019 | D:6      | Reached XP level 9. HP: 61/61 MP: 9/9
 10847 | D:7      | Found a transporter.
 10861 | D:7      | Found a basalt altar of Yredelemnul.
 10865 | D:7      | Found a transporter.
 11030 | D:7      | Found a runed door.
 11046 | D:7      | Found the +10 large shield of Ignorance {rN+ Int-4}
 11053 | D:7      | Found a runed door.
 11053 | D:7      | Noticed an orange crystal statue
 11088 | D:7      | Found a shimmering altar of Xom.
 11088 | D:7      | Found Captallaska's Food Shoppe.
 11104 | D:7      | Found an ancient bone altar of Kikubaaqudgha.
 11171 | D:7      | Reached skill level 1 in Spellcasting
 11171 | D:7      | Reached skill level 1 in Hexes
 11745 | D:7      | Found a shadowy altar of Dithmenos.
 12232 | D:8      | Noticed a two-headed ogre
 12236 | D:8      | Killed from afar by a shadow imp

Skill      XL: |  1  2  3  4  5  6  7  8  9 |
---------------+----------------------------+-----
Stealth        | 6 7 8 9 10 13 | 13.4
Short Blades   | 3 4 6 7 8 10 | 10.0
Dodging        | 2 |  2.3
Spellcasting   | 1 |  1.3
Hexes          | 2 |  2.3
Fighting       | |  1.7
Throwing       | |  1.5

Action                   |  1- 3 |  4- 6 |  7- 9 || total
-------------------------+-------+-------+-------++-------
Melee: Dagger            |    59 |    98 |   341 ||   498
       Bite              |     4 |     4 |    39 ||    47
 Fire: Blowgun           |       |     6 |    17 ||    23
Throw: Tomahawk          |       |       |     9 ||     9
 Cast: Confuse           |       |       |     2 ||     2
Invok: Lunge             |       |     2 |    41 ||    43
       Whirlwind         |       |       |     4 ||     4
 Abil: End Transformatio |       |       |    10 ||    10
       Bat Form          |       |       |    10 ||    10
Evoke: Wand              |       |       |    13 ||    13
  Use: Potion            |     1 |    15 |    19 ||    35
       Scroll            |       |       |     7 ||     7
 Stab: Sleeping          |    13 |    10 |    14 ||    37
       Distracted        |       |       |     2 ||     2
Armor: Robe              |    13 |    20 |    32 ||    65
Dodge: Dodged            |    29 |    50 |   113 ||   192
